 Dungeon Crawl Stone Soup version 0.29.1-2-gbd0b4ee654 (webtiles) character file.

Game seed: 9154384194287488923

77 fireball365 the Chopper (level 4, -4/40 HPs)
             Began as a Hill Orc Fighter on Oct 27, 2022.
             Slain by a gnoll
             ... wielding a +0 halberd
              (10 damage)
             ... on level 2 of the Dungeon.
             The game lasted 00:04:30 (1048 turns).

fireball365 the Chopper (Hill Orc Fighter)          Turns: 1048, Time: 00:04:30

Health: -4/40      AC:  8    Str: 20    XL:     4   Next: 33%
Magic:  4/4        EV:  9    Int:  8    God:
Gold:   60         SH:  4    Dex: 10    Spells: 3/3 levels left

rFire   . . .      SeeInvis .   a - +0 war axe
rCold   . . .      Faith    .   c - +0 buckler
rNeg    . . .      Spirit   .   b - +0 scale mail
rPois   .          Reflect  .   e - +0 helmet
rElec   .          Harm     .   (no cloak)
rCorr   .          Rampage  .   (no gloves)
Will    .....                   (no boots)
Stlth   ..........              (no amulet)
HPRegen 0.13/turn               (no ring)
MPRegen 0.09/turn               (no ring)

@: no status effects
A: no striking features
a: no special abilities


You were on level 2 of the Dungeon.
You visited 1 branch of the dungeon, and saw 2 of its levels.

You collected 60 gold pieces.

Inventory:

Hand Weapons
 a - a +0 war axe (weapon)
Missiles
 f - 29 stones (quivered)
Armour
 b - a +0 scale mail (worn)
 c - a +0 buckler (worn)
 e - a +0 helmet (worn)
Scrolls
 g - 2 scrolls of enchant weapon {unknown}
 l - a scroll of fear {unknown}
Potions
 d - a potion of might
 j - a potion of attraction {unknown}
 k - a potion of haste {unknown}


   Skills:
 - Level 3.8 Fighting
 * Level 4.8 Axes
 + Level 4.1 Armour
 - Level 3.4 Shields


You had 3 spell levels left.
You didn't know any spells.
Your spell library was empty.

Dungeon Overview and Level Annotations

Branches:
Dungeon (2/15)

Altars:


Message History

You hit the gnoll.
You kill the gnoll!
The gnoll closely misses you.
Your Armour skill increases to level 4!
You have reached level 4!
You hit the endoplasm but do no damage. You block the endoplasm's attack.
The gnoll hits you from afar with a +0 halberd!
The endoplasm hits you but does no damage.
You block the gnoll's attack.
You slash the endoplasm!
You kill the endoplasm!
The gnoll throws a throwing net.
The throwing net hits you.
You become entangled in the net!
The gnoll barely misses you.
You tear a large gash into the net.
The gnoll hits you from afar with a +0 halberd!
You shred the net and break free! The gnoll hits you with a +0 club.
The gnoll hits you from afar with a +0 halberd.
* * * LOW HITPOINT WARNING * * *
You slash the gnoll!
The gnoll is heavily wounded.
The gnoll hits you with a +0 club.
* * * LOW HITPOINT WARNING * * *
The gnoll barely misses you.
You completely miss the gnoll.
The gnoll is heavily wounded.
The gnoll closely misses you. x2; You block the gnoll's attack.
The gnoll hits you but does no damage.
You hit the gnoll.
The gnoll is severely wounded.
You block the gnoll's attack. The gnoll barely misses you.
You slash the gnoll!
You kill the gnoll!
The gnoll hits you from afar with a +0 halberd.
* * * LOW HITPOINT WARNING * * *
Found a club.
The gnoll hits you but does no damage.
Items here: ( ))) ††.
You slash the gnoll!
The gnoll is almost dead.
The gnoll hits you with a +0 halberd!
You die...

)... #.. ...
.. . ......
...###.. ..
...... #
.#..#. ...
...... #.
#....#..
......
#.#.....##..
....
#....g......
..###.. #@#
....... #.#
..##..# #.#
...... # #.#
..#..#.# #.#
..#.##.# #.#
<.#....# #.#
#....# #.#
.>...###.#
#.#########


You could see a gnoll.

Vanquished Creatures
  3 gnolls (D:2)
  An adder (D:2)
  A worm (D:2)
  3 dart slugs (D:1)
  2 ball pythons (D:1)
  5 endoplasms
  2 giant cockroaches (D:1)
  2 hobgoblins (D:1)
  2 bats
  A frilled lizard (D:1)
  4 goblins
  A kobold (D:1)
  4 rats (D:1)
31 creatures vanquished.

Notes
Turn   | Place    | Note
-------+----------+-------------------------------------------
     0 | D:1      | fireball365 the Hill Orc Fighter began the quest for the
                  | Orb.
     0 | D:1      | Reached XP level 1. HP: 19/19 MP: 1/1
   230 | D:1      | Reached XP level 2. HP: 23/27 MP: 2/2
   529 | D:1      | Reached XP level 3. HP: 25/33 MP: 3/3
   827 | D:2      | HP: 1/33 [poisoned by an adder]
  1039 | D:2      | Reached XP level 4. HP: 37/40 MP: 4/4
  1048 | D:2      | Slain by a gnoll

Illustrated notes

Levels and vault maps discovered:
D:1:      dpeg_arrival_ternary, layout_rooms
D:2:      layout_basic, basic_ecumenical_altar, minmay_misc_feat_chi,
          nicolae_shop_unique_rings

Skill      XL: |  1  2  3 |
---------------+----------+-----
Axes           | 3 4 |  4.8
Armour         | 4 |  4.1
Fighting       | |  3.8
Shields        | |  3.4

Action                   |  1- 3 |  4- 6 || total
-------------------------+-------+-------++-------
Melee: War axe           |    86 |     7 ||    93
  Use: Potion            |     2 |       ||     2
Armor: Scale mail        |    45 |     3 ||    48
Dodge: Dodged            |    52 |     5 ||    57
Block: Buckler           |    25 |     4 ||    29
